 Dungeon Crawl Stone Soup version 0.31-a0-185-g9dded2c639 (webtiles) character file.

Game seed: 1525124092012367381

63 qw the Shooter (level 3, -4/20 HPs)
             Began as a Deep Elf Hunter on June 22, 2023.
             Slain by an orc wizard
             ... wielding a +0 hand axe
              (5 damage)
             ... on level 3 of the Dungeon.
             The game lasted 00:00:29 (1890 turns).

qw the Shooter (Deep Elf Hunter)                    Turns: 1890, Time: 00:00:30

Health: -4/20      AC: 10    Str: 10    XL:     3   Next: 87%
Magic:  5/5        EV:  8    Int: 13    God:
Gold:   162        SH:  0    Dex: 18    Spells: 2/2 levels left

rFire   x . .        i - +1 shortbow (heavy)
rCold   + + .        (shield currently unavailable)
rNeg    . . .        b - +1 ice dragon scales
rPois   .            (no helmet)
rElec   .            (no cloak)
rCorr   .            (no gloves)
SInv    .            (no boots)
Will    .....        e - amulet of faith Stlth
                     (no ring)
HPRegen 0.23/turn    (no ring)
MPRegen 0.09/turn

%: faith
@: no status effects
A: no striking features
a: no special abilities


You were on level 3 of the Dungeon.
You visited 1 branch of the dungeon, and saw 3 of its levels.

You collected 162 gold pieces.


   Skills:
 - Level 1.5 Fighting
 - Level 7.1 Ranged Weapons
 + Level 0.8 Armour
 - Level 2.4 Dodging
 - Level 1.2 Stealth


You had 2 spell levels left.
You didn't know any spells.
Your spell library was empty.

Inventory:

Hand Weapons
 i - a +1 heavy shortbow (weapon)
Armour
 b - +1 ice dragon scales (worn)
 h - a +0 ring mail
Jewellery
 e - an amulet of faith (around neck)
Potions
 a - a potion of magic {unknown}
 c - a potion of lignification {unknown}
 d - 2 potions of cancellation {unknown}
 f - 2 potions of attraction {unknown}
 g - a potion of mutation {unknown}
 j - a potion of enlightenment {unknown}

Dungeon Overview and Level Annotations

Branches:
Dungeon (3/15)

Altars:
Fedhas
Gozag

Annotations:
D:3 3 runed translucent doors, qw's ghost, amateur GrFi


Message History

An orc comes into view. It is wielding a +0 falchion.
The orc shouts!
You hear a shout!
An orc wizard comes into view. It is wielding a +0 hand axe.
You hear a shout!
Enter note:
Enter note:
Enter note:
Enter note:
Enter note:
Enter note: You shoot an arrow.
The arrow barely misses the orc.
The orc hits you but does no damage. The orc barely misses you.
The orc wizard mumbles some strange words.
The orc wizard flickers and vanishes!
Deactivating autopickup; reactivate with Ctrl-A.
You hear a shout!
You shoot an arrow. The arrow hits the orc!!
You kill the orc!
An orc comes into view. It is wielding a +0 whip.
A puff of flame appears from out of thin air!
The puff of flame hits you! The fire burns you terribly!
You are confused.
An orc priest comes into view. It is wielding a +0 falchion.
The orc moves out of view.
The orc priest shouts!
The orc priest miscasts a cantrip.
A puff of flame appears from out of thin air!
The puff of flame hits you! The fire burns you terribly!
Something hits you but does no damage.
You feel less confused. Something hits you.
You shoot an arrow. The arrow hits the orc!
You kill the orc!
You hear some strange, mumbled words.
Something tries to affect you, but you resist.
You shoot an arrow. The arrow barely misses the orc priest.
Something hits you but does no damage.
The orc priest hits you with a +0 falchion.
Something hits you.
You die...

#.# #.##########..#.##..####
#.# #......................##
#.# ########...####..#####..#
#.# #..###..####W..##.#
#.#### #.## .....Z..WZ.#..
##....### #.# ......Z###.Z##.
#.(.....# #.##..#..... #.Z#.
#.###.#.# #o)#..#...=.. #.Z#.
#.# #.#.########@#..##.....
#..#. #.#
#.#..........#...###)(##..##.
#.#
#.########.#.##....####...#..
#.###.###
#....#..........##..
........####
##...##.......W.#...
#.###......#
###..##......Z##.## #.#
###.##.# ##..###+++###..# #)#
#.##.# ##...........### #.#
#.##.# ########..#....


You could see an orc priest.

Vanquished Creatures
  An adder (D:3)
  3 worms
  A dart slug (D:3)
  2 orcs (D:3)
  2 endoplasms (D:1)
  A giant cockroach (D:1)
  10 goblins
  2 hobgoblins
  3 kobolds
  2 quokkas
  4 ball pythons
  4 bats
  2 frilled lizards
  4 rats
41 creatures vanquished.

Notes
Turn   | Place    | Note
-------+----------+-------------------------------------------
     0 | D:1      | qw the Deep Elf Hunter began the quest for the Orb.
     0 | D:1      | Reached XP level 1. HP: 12/12 MP: 3/3
     0 | D:1      | 0 ||| qw: Version: 0.3-a-9-g12657ce
     0 | D:1      | 0 ||| qw: Game counter: 1877
     0 | D:1      | 0 ||| qw: Always use a shield: true
     0 | D:1      | 0 ||| qw: God list: Okawaru
     0 | D:1      | 0 ||| qw: Allow faded altars: false
     0 | D:1      | 0 ||| qw: Do Orc after D:15 true
     0 | D:1      | 0 ||| qw: Do second Lair branch before Depths: true
     0 | D:1      | 0 ||| qw: Lair rune preference: random
     0 | D:1      | 0 ||| qw: Plans: Normal
     0 | D:1      | 0 ||| PLANNING D:1-11
   295 | D:1      | Reached skill level 6 in Ranged Weapons
   295 | D:1      | Reached XP level 2. HP: 16/16 MP: 4/4
   807 | D:1      | 807 ||| UPGRADING to +0 ring mail.
   817 | D:1      | 817 ||| DROPPING +0 leather armour.
   818 | D:1      | 818 ||| READING scroll labelled SUMAOM TYEM.
   819 | D:1      | 819 ||| READING scroll labelled NYTIDGH HYMOW.
   820 | D:1      | 820 ||| READING scroll labelled CEUPRU KOUDDOT.
   821 | D:1      | 821 ||| READING scroll labelled QEXESU KEI.
   822 | D:1      | 822 ||| DROPPING scroll of butterflies.
  1036 | D:2      | Reached XP level 3. HP: 20/20 MP: 5/5
  1159 | D:2      | 1159 ||| UPGRADING to +0 ice dragon scales.
  1169 | D:2      | 1169 ||| UPGRADING to amulet of faith.
  1174 | D:2      | 1174 ||| READING 2 scrolls labelled GACADI AWIUSMAYBUA.
  1175 | D:2      | 1175 ||| READING scroll of enchant armour.
  1175 | D:2      | 1175 ||| ENCHANTING +0 ice dragon scales.
  1259 | D:3      | Reached skill level 7 in Ranged Weapons
  1285 | D:3      | Found a runed translucent gate.
  1285 | D:3      | Found a runed translucent gate.
  1285 | D:3      | Found a runed translucent gate.
  1316 | D:3      | Found a blossoming altar of Fedhas.
  1331 | D:3      | Found an opulent altar of Gozag.
  1458 | D:3      | Noticed qw's ghost (amateur GrFi)
  1888 | D:3      | HP: 2/20 [something (5)]
  1890 | D:3      | Slain by an orc wizard

Levels and vault maps discovered:
D:1:      minmay_arrival_shattered_statue, layout_basic
D:2:      layout_rooms
D:3:      layout_loops_ring, amcnicky_altar_gilded, overflow_temple_1_default,
          gammafunk_ghost_icy, minmay_goblin_outpost

Skill      XL: |  1  2  3 |
---------------+----------+-----
Ranged Weapons | 6 7 |  7.1
Fighting       | |  1.5
Armour         | |  0.8
Dodging        | |  2.4
Stealth        | |  1.2

Action                     || total
---------------------------++-------
   Fire: Shortbow          ||    74
    Use: Scroll            ||     6
 Armour: Ring mail         ||     3
         Ice dragon scales ||    11
  Dodge: Dodged            ||     8

Table legend:
 A = Non-vault XP
 B = Vault XP
 C = Vault XP percentage of total XP
 D = Non-vault monster count
 E = Vault monster count
 F = Vault count percentage of total count
                 A         B        C        D         E       F
            +---------+---------+-------+---------+---------+-------
      Total |      78 |      12 |  13.3 |      34 |       7 |  17.1
            +---------+---------+-------+---------+---------+-------
        D:1 |      19 |       0 |   0.0 |      12 |       0 |   0.0
        D:2 |      27 |       0 |   0.0 |      14 |       0 |   0.0
        D:3 |      32 |      12 |  27.3 |       8 |       7 |  46.7
            +---------+---------+-------+---------+---------+-------
